 Dungeon Crawl Stone Soup version 0.25-a0-641-g189b929 (webtiles) character file.

Game seed: 4792986187019541354, levelgen mode: deterministic

454 MrTaco21 the Cudgeler (level 7, -1/41 HPs)
             Began as a Gargoyle Fighter on Mar 20, 2020.
             Slain by an orc warrior
             ... wielding a +0 glaive
              (15 damage)
             ... on level 6 of the Dungeon.
             The game lasted 00:04:35 (3472 turns).

MrTaco21 the Cudgeler (Gargoyle Fighter)            Turns: 3472, Time: 00:04:36

Health: -1/41      AC: 11    Str: 21    XL:     7   Next: 5%
Magic:  7/7        EV:  7    Int:  9    God:
Gold:   184        SH:  9    Dex:  9    Spells: 6/6 levels left

rFire    . . .     SeeInvis .   i - +2 whip (flame)
rCold    . . .     Gourm    .   c - +0 kite shield
rNeg     + . .     Faith    .   b - +0 scale mail
rPois    ∞         Spirit   .   (no helmet)
rElec    +         Reflect  .   (no cloak)
rCorr    .         Harm     .   (no gloves)
MR       .....                  (no boots)
Stlth    ..........             (no amulet)
HPRegen  0.13/turn              (no ring)
MPRegen  0.10/turn              (no ring)

@: no status effects
A: negative energy resistance 1, electricity resistance, unbreathing,
petrification resistance, rot immunity, AC +4
a: no special abilities


You were on level 6 of the Dungeon.
You were not hungry.

You visited 1 branch of the dungeon, and saw 5 of its levels.

You collected 184 gold pieces.

Inventory:

Hand Weapons
 i - a +2 whip of flaming (weapon)
   (You found it on level 1 of the Dungeon)
Missiles
 f - 50 poisoned darts (quivered)
Armour
 b - a +0 scale mail (worn)
 c - a +0 kite shield (worn)
Scrolls
 a - a scroll of enchant weapon {unknown}
 g - a scroll of noise {unknown}
 h - 4 scrolls of remove curse {unknown}
 m - 2 scrolls of enchant armour {unknown}
 o - a scroll of brand weapon {unknown}
 q - a scroll of magic mapping {unknown}
 r - a scroll of identify {unknown}
Potions
 d - a potion of might
 j - a potion of curing {unknown}
 k - a potion of heal wounds {unknown}
 l - a potion of brilliance {unknown}
 n - a potion of mutation {unknown}
 p - a potion of stabbing {unknown}
Comestibles
 e - 3 rations {!d}


   Skills:
 - Level 3.2 Fighting
 + Level 7.4 Maces & Flails
 - Level 3.2 Armour
 - Level 3.2 Shields


You had 6 spell levels left.
You didn't know any spells.
Your spell library was empty.

Dungeon Overview and Level Annotations

Branches:
Dungeon (4/15)
 Temple: D:4-7

Altars:
Gozag
Hepliaklqana
Xom


Innate Abilities, Weirdness & Mutations

You are resistant to torment.
Your stone body is resilient. (AC +4)
You are immune to poison.
You resist negative energy. (rN+)
You are resistant to electric shocks. (rElec)
You can survive without breathing.
You are immune to petrification.
You are immune to rotting.


Message History

Your shield prevents you from hitting the phantom.
The phantom hits you but does no damage.
Your shield and scale mail prevent you from hitting the phantom.
The phantom hits you.
The phantom blinks!
No target in view!
No target in view!
No target in view!
No target in view!
No target in view!
No target in view!
No target in view!
No target in view!
No target in view!
No target in view!
You start resting.
The phantom is too close now for your liking.
Found a stone staircase leading up.
The phantom hits you but does no damage.
Found an escape hatch in the floor.
You closely miss the phantom. You hit the phantom. You burn the phantom.
The phantom barely misses you.
You hit the phantom. You burn the phantom. The phantom barely misses you.
You miss the phantom.
The phantom blinks!
All of the chunks of flesh in your inventory have rotted away.
You block the phantom's attack.
You whack the phantom! You burn the phantom.
The phantom hits you but does no damage.
You whack the phantom! You burn the phantom.
You destroy the phantom!
Your Maces & Flails skill increases to level 7!
You have reached level 7!
You start resting.
Found a stone staircase leading down.
Found a scroll labeled ISHROCVUSIOD.
o - a scroll labeled ISHROCVUSIOD The orc warrior shouts!
You hear a shout!
The orc warrior drinks a potion.
The orc warrior seems to speed up.
The orc warrior is too close now for your liking.
The orc wizard shouts!
The orc warrior hits you from afar with a +0 glaive!
The orc warrior hits you with a +0 glaive!
The orc wizard points at you and mumbles some strange words.
The puff of flame hits you.
* * * LOW HITPOINT WARNING * * *
The orc warrior hits you from afar with a +0 glaive.
* * * LOW HITPOINT WARNING * * *
You block the orc warrior's attack.
A bullfrog zombie comes into view.
The orc warrior hits you from afar with a +0 glaive!
You die...

≈.... #.##.# #...# #....#
≈....#8.##.# ###.####....#
≈.....#.##.# #.........##
≈.......##.# #####..##...
≈.......##.# #.....##
.....o..##.# #####.......
........##.######......##.##
##..#o##.#......###.## ..
#......o.@.###### <.# .
.......###.### #.## .....#.
#.# #. ..###.. #.# #. # #.#
#.##### #.# ...###.#...# .#
.... ###.........# ###.#
##... #####Z[...# #... #....
###.....####.# #.>..


You could see an orc warrior, an orc wizard and a bullfrog zombie (wandering).

Vanquished Creatures
  A phantom (D:6)
  2 orc priests
  A jelly (D:6)
  5 orc wizards
  4 adders
  An ooze (D:2)
  2 worms
  2 dart slugs
  A leopard gecko (D:3)
  13 orcs
  A ball python (D:2)
  5 bats
  3 giant cockroaches
  6 goblins
  7 hobgoblins
  8 jackals (D:1)
  9 kobolds
  2 quokkas
  4 frilled lizards
  A quokka zombie (D:6)
  7 rats
85 creatures vanquished.

Notes
Turn   | Place    | Note
-------+----------+-------------------------------------------
     0 | D:1      | MrTaco21 the Gargoyle Fighter began the quest for the Orb.
     0 | D:1      | Reached XP level 1. HP: 14/14 MP: 1/1
    48 | D:1      | Reached XP level 2. HP: 19/19 MP: 2/2
   114 | D:1      | Reached skill level 3 in Maces & Flails
   578 | D:1      | Reached XP level 3. HP: 23/23 MP: 3/3
   978 | D:2      | Reached skill level 4 in Maces & Flails
  1134 | D:2      | Reached XP level 4. HP: 28/28 MP: 4/4
  1765 | D:2      | Found a hazy altar of Hepliaklqana.
  2013 | D:3      | Found a shimmering altar of Xom.
  2186 | D:3      | Reached skill level 5 in Maces & Flails
  2186 | D:3      | Reached XP level 5. HP: 32/32 MP: 5/5
  2417 | D:3      | Found an opulent altar of Gozag.
  2700 | D:4      | Reached skill level 6 in Maces & Flails
  2871 | D:4      | Reached XP level 6. HP: 36/37 MP: 6/6
  2893 | D:4      | You fall into a shaft and drop 2 floors!
  3111 | D:6      | Noticed an orc warrior
  3316 | D:6      | Noticed a phantom
  3338 | D:6      | Killed a phantom
  3338 | D:6      | Reached skill level 7 in Maces & Flails
  3338 | D:6      | Reached XP level 7. HP: 27/41 MP: 7/7
  3472 | D:6      | Slain by an orc warrior

Levels and vault maps discovered:
D:1:      dpeg_arrival_houses_and_road, layout_basic
D:2:      layout_basic, marbit_many_paths, minmay_octomino_j4
D:3:      layout_rooms, xom_teletrap_fun,
          nicolae_gozag_cash_rules_everything_around_me, first_ration,
          serial_co_window_serial, co_window_of_opportunity_a,
          co_window_paths_b, co_window_corner_a, co_window_paths_a,
          co_window_paths_a, co_window_paths_a, co_window_broadway_b,
          co_window_broadway_c, co_window_corner_cb, co_window_2corner,
          co_window_corner_b, co_window_unsneaky_path_c, glass_columns_a,
          glass_columns_a
D:4:      layout_loops_ring, kennysheep_mini_moat, lemuel_crystal_altar,
          grunt_temple_overflow_open, gammafunk_ghost_mausoleum, uniq_sigmund,
          uniq_eustachio, uniq_robin, uniq_pikel
D:6:      layout_rooms, kennysheep_decorative_pillar, uniq_crazy_yiuf_cottage

Skill      XL: |  1  2  3  4  5  6 |
---------------+-------------------+-----
Maces & Flails | 3 4 5 6 7 |  7.4
Fighting       | |  3.2
Armour         | |  3.2
Shields        | |  3.2

Action                   |  1- 3 |  4- 6 |  7- 9 || total
-------------------------+-------+-------+-------++-------
Melee: Flail             |    64 |       |       ||    64
       Whip              |    41 |   207 |       ||   248
  Eat: Chunk             |     1 |     7 |       ||     8
Armor: Scale mail        |    59 |    70 |       ||   129
Dodge: Dodged            |    38 |    48 |       ||    86
Block: Kite shield       |    64 |    76 |     1 ||   141

Table legend:
 A = Non-vault XP
 B = Vault XP
 C = Vault XP percentage of total XP
 D = Non-vault monster count
 E = Vault monster count
 F = Vault count percentage of total count
                 A         B        C        D         E       F
            +---------+---------+-------+---------+---------+-------
      Total |     626 |      23 |   3.5 |      80 |       5 |   5.9
            +---------+---------+-------+---------+---------+-------
        D:1 |      41 |       0 |   0.0 |      22 |       0 |   0.0
        D:2 |      67 |      23 |  25.6 |      22 |       5 |  18.5
        D:3 |     130 |       0 |   0.0 |      22 |       0 |   0.0
        D:4 |      95 |       0 |   0.0 |       4 |       0 |   0.0
        D:6 |     293 |       0 |   0.0 |      10 |       0 |   0.0
            +---------+---------+-------+---------+---------+-------
